 Dungeon Crawl Stone Soup version 0.27-a0-819-g058290f16d (webtiles) character file.

Game seed: 4631993306731158205

2592 polve the Distorting Demonspawn (level 9, 0/72 HPs)
             Began as a Demonspawn Abyssal Knight on Mar 29, 2021.
             Was a Believer of Lugonu.
             Succumbed to a killer bee's poison
             ... on level 6 of the Dungeon.
             The game lasted 00:08:13 (8214 turns).

polve the Distorting Demonspawn (DsAK)              Turns: 8214, Time: 00:08:14

Health: 0/72       AC:  8    Str: 12    XL:     9   Next: 33%
Magic:  3/16       EV: 10    Int: 17    God:    Lugonu [**....]
Gold:   332        SH:  0    Dex: 13    Spells: 7/8 levels left

rFire    . . .     SeeInvis +   e - +1 short sword (elec)
rCold    . . .     Faith    .   (no shield)
rNeg     . . .     Spirit   +   d - +0 ring mail
rPois    .         Reflect  .   (helmet restricted)
rElec    .         Harm     .   (no cloak)
rCorr    .         Rampage  .   b - +0 pair of gloves
Will     .....                  (no boots)
Stlth    +.........             (no amulet)
HPRegen  0.22/turn              k - ring of see invisible
MPRegen  0.30/turn              (no ring)

@: lethally poisoned (0 -> -15)
A: antennae 1, rugged brown scales 1, magic shield, magic regeneration
a: Renounce Religion, Depart the Abyss, Bend Space


You were on level 6 of the Dungeon.
You worshipped Lugonu.
Lugonu was pleased with you.
You visited 1 branch of the dungeon, and saw 7 of its levels.
You visited the Abyss 1 time.

You collected 332 gold pieces.

Inventory:

Hand Weapons
 a - a +1 falchion
 e - a +1 short sword of electrocution (weapon)
Armour
 b - a +0 pair of gloves (worn)
 d - a +0 ring mail (worn)
 n - a +1 robe of willpower
Jewellery
 k - a ring of see invisible (left hand)
Wands
 f - a wand of flame (21)
Scrolls
 c - a scroll of enchant weapon {unknown}
 g - a scroll of teleportation {unknown}
 h - 3 scrolls of amnesia {unknown}
 i - a scroll of identify {unknown}
 m - a scroll of immolation {unknown}
 o - a scroll of noise {unknown}
Potions
 j - 2 potions of magic
 q - a potion of degeneration {unknown}
 r - a potion of flight {unknown}
 s - a potion of invisibility {unknown}


   Skills:
 - Level 6.3 Fighting
 - Level 2.5 Long Blades
 - Level 5.3 Armour
 - Level 0.8 Dodging
 + Level 6.1 Conjurations
 - Level 10.0 Invocations


You had 7 spell levels left.
You knew the following spells:

 Your Spells              Type           Power      Damage    Failure   Level
a - Magic Dart            Conj           80%        1d7       4%          1

Your spell library contained the following spells:

 Spells                   Type           Power      Damage    Failure   Level
 Conjure Flame            Conj/Fire      10%        6-21      38%         3
 Mephitic Cloud           Conj/Pois/Air  6%         N/A       54%         3
 Blink                    Tloc           N/A        N/A       58%         2
 Call Imp                 Summ           0%         N/A       58%         2
 Slow                     Hex            0%         N/A       58%         2


Dungeon Overview and Level Annotations

Branches:
Dungeon (7/15)             Temple (0/1) D:6

Altars:
Cheibriados
Gozag
Makhleb
Okawaru
Ru
Sif Muna
Trog
Uskayaw
Wu Jian
Xom
Yredelemnul

Shops:
D:2 *   D:4 ?   D:7 *

Annotations:
D:4 3 runed translucent doors, diceflayer's ghost, amateur FoFi; polve's ghost, novice HOBe


Innate Abilities, Weirdness & Mutations

You have a pair of small antennae on your head.
You are partially covered in rugged brown scales. (AC +1, +3% HP)
When hurt, damage is shared between your health and your magic reserves.
You regenerate magic rapidly.


Message History

You feel yourself slow down. Space bends around you!
You blink.
You feel very sick. The killer bee stings you.
The killer bee barely misses you. The killer bee stings you!
* * * LOW HITPOINT WARNING * * *
Magic courses through your body.
* * * LOW HITPOINT WARNING * * *
You feel very sick. The killer bee stings you.
* * * LOW HITPOINT WARNING * * *
The killer bee barely misses you.
The killer bee stings you but does no damage. x3
The killer bee stings you.
* * * LOW HITPOINT WARNING * * *
The killer bee stings you. x2
* * * LOW HITPOINT WARNING * * *
You are more poisoned.
The killer bee poisons you! The killer bee barely misses you.
It was a potion of curing.
You feel better.
You feel yourself speed up. The killer bee stings you!
* * * LOW HITPOINT WARNING * * *
The killer bee closely misses you. The killer bee misses you.
The killer bee stings you.
* * * LOW HITPOINT WARNING * * *
You are poisoned.
The killer bee poisons you! The killer bee stings you.
* * * LOW HITPOINT WARNING * * *
You are lethally poisoned!
The killer bee poisons you! The killer bee closely misses you.
The hornet closely misses you. The killer bee barely misses you.
The killer bee stings you. The hornet stings you!
* * * LOW HITPOINT WARNING * * *
You feel yourself slow down. The killer bee barely misses you.
It was a potion of cancellation.
Your magical effects are unravelling.
You feel magically purged.
You feel yourself speed up.
You die...

.#...)..#...'.....# #..........
.'..))..#...#.....# #....#####'
.#......#####.....######...#.....
.#...........##+###...##...#.....
.#...........#........##...#.....
########.....#........##...#.....
.......#.....#...>.........#.....
.......#.....#...y.........#.....
.......'........@y.........#.....
.......#.....#..yy....##...#.....
).######....#....###'###...#.....
..###....####....##...##...#.....
........####......#...#....'.....
.....#...##.......#...#....#.....
....###.....#.....#...#....#.....
##'.###.>..#..#####+####...#.....
##..##....##.....##...######.....


You could see a hornet and 3 killer bees.

Vanquished Creatures
  A cyclops (D:6)
  Grinder (D:3)
  A water moccasin (D:5)
  3 ice beasts
  A necrophage (D:4)
  2 ogres
  2 phantoms
  A centaur (D:6)
  A bullfrog (D:7)
  2 scorpions
  A killer bee (D:7)
  4 wights
  3 howler monkeys (D:7)
  A centaur zombie (D:4)
  An orc priest (D:6)
  2 hounds
  A jelly (D:6)
  2 gnoll shamans
  Jessica (D:3)
  2 iguanas
  3 orc wizards (D:6)
  Natasha (D:3)
  2 killer bee zombies
  A hound skeleton (D:4)
  A howler monkey zombie (D:5)
  6 gnolls
  6 adders
  2 shadow imps
  3 white imps
  An ufetubus (D:7)
  2 worms (D:2)
  2 dart slugs (D:2)
  9 orcs
  4 bats
  3 endoplasms
  A giant cockroach (D:2)
  3 hobgoblins
  4 jackals (D:4)
  5 kobolds
  2 quokkas (D:5)
  11 ball pythons
  8 frilled lizards
  11 goblins
  5 rats
129 creatures vanquished.

Vanquished Creatures (others)
  2 withered plants (D:4)
2 creatures vanquished.

Grand Total: 131 creatures vanquished

Notes
Turn   | Place    | Note
-------+----------+-------------------------------------------
     0 | Abyss:1  | polve the Demonspawn Abyssal Knight began the quest for the
                  | Orb.
     0 | Abyss:1  | Reached XP level 1. HP: 18/18 MP: 2/2
    53 | Abyss:1  | Noticed a thrashing horror
    55 | D:1      | Escaped the Abyss
   488 | D:1      | You fall into a shaft and drop 1 floor!
   495 | D:2      | Gained mutation: You regenerate magic rapidly. [demonic
                  | ancestry]
   495 | D:2      | Reached XP level 2. HP: 18/24 MP: 3/3
   830 | D:2      | Reached * piety under Lugonu
   884 | D:2      | Gained mutation: When hurt, damage is shared between your
                  | health and your magic reserves. [demonic ancestry]
   884 | D:2      | Reached XP level 3. HP: 29/29 MP: 4/4
  1166 | D:2      | Found Mestan's Assorted Antiques.
  1608 | D:2      | Reached skill level 3 in Invocations
  1908 | D:3      | Noticed Jessica
  1909 | D:3      | Noticed Grinder
  2011 | D:3      | Gained mutation: You are partially covered in rugged brown
                  | scales. (AC +1, +3% HP) [demonic ancestry]
  2011 | D:3      | Reached XP level 4. HP: 28/37 MP: 6/6
  2037 | D:3      | Paralysed by Grinder for 2 turns
  2044 | D:3      | Killed Grinder
  2045 | D:3      | Reached skill level 5 in Invocations
  2045 | D:3      | Reached XP level 5. HP: 27/43 MP: 4/8
  2289 | D:3      | Found a sparkling altar of Nemelex Xobeh.
  2296 | D:3      | Found a shimmering blue altar of Sif Muna.
  2296 | D:3      | Found a snail-covered altar of Cheibriados.
  2298 | D:3      | Found a shimmering altar of Xom.
  2298 | D:3      | Found an ornate altar of the Wu Jian Council.
  2298 | D:3      | Found a shimmering altar of Xom.
  2570 | D:3      | Gained mutation: You have a pair of small antennae on your
                  | head. [demonic ancestry]
  2570 | D:3      | Reached XP level 6. HP: 49/49 MP: 9/9
  2599 | D:3      | Killed Jessica
  2709 | D:3      | Found a faded altar of an unknown god.
  2709 | D:3      | Found a sacrificial altar of Ru.
  2717 | D:3      | Found a faded altar of an unknown god.
  2718 | D:3      | Noticed Natasha
  2719 | D:3      | Found a basalt altar of Yredelemnul.
  2720 | D:3      | Found an iron altar of Okawaru.
  2732 | D:3      | Killed Natasha
  3064 | D:4      | Found a runed translucent gate.
  3065 | D:4      | Found a runed translucent gate.
  3065 | D:4      | Found a runed translucent gate.
  3078 | D:4      | Noticed an ice beast
  3095 | D:4      | Killed an ice beast
  3096 | D:4      | Reached skill level 6 in Invocations
  3246 | D:4      | Reached XP level 7. HP: 56/56 MP: 11/11
  3591 | D:4      | Found a hide-covered altar of Uskayaw.
  3708 | D:4      | Reached skill level 7 in Invocations
  3721 | D:4      | Found a burning altar of Makhleb.
  3721 | D:4      | Noticed a blizzard demon
  3841 | D:4      | Found Goighid's Magic Scroll Boutique.
  3843 | D:4      | Reached ** piety under Lugonu
  3882 | D:4      | Reached skill level 5 in Fighting
  4024 | D:4      | Noticed diceflayer's ghost (amateur FoFi)
  4024 | D:4      | Noticed polve's ghost (novice HOBe)
  4055 | D:5      | Entered Level 5 of the Dungeon
  4289 | D:5      | Reached skill level 8 in Invocations
  4515 | D:5      | Reached XP level 8. HP: 28/64 MP: 10/14
  5192 | D:5      | Found a bloodstained altar of Trog.
  5432 | D:6      | Noticed a cyclops
  5447 | D:6      | Killed a cyclops
  5448 | D:6      | Reached skill level 5 in Armour
  5448 | D:6      | Reached skill level 9 in Invocations
  6009 | D:6      | Reached skill level 10 in Invocations
  6058 | D:6      | Found a staircase to the Ecumenical Temple.
  6061 | D:6      | Learned a level 1 spell: Magic Dart
  6180 | D:6      | Reached skill level 1 in Conjurations
  7283 | D:6      | Reached XP level 9. HP: 62/70 MP: 11/16
  7753 | D:7      | Found an opulent altar of Gozag.
  7753 | D:7      | Found Gozag's Platinum Reserve.
  7842 | D:7      | Reached skill level 5 in Conjurations
  7855 | D:7      | Found a snail-covered altar of Cheibriados.
  7861 | D:7      | Found an opulent altar of Gozag.
  8214 | D:6      | Succumbed to a killer bee's poison

Illustrated notes

Levels and vault maps discovered:
D:1:      ncdulo_wetmaze, layout_loops_ring
D:2:      layout_basic, serial_shops, nicolae_shop_statue_plus,
          minmay_goblin_outpost
D:3:      layout_rooms, chequers_temple_overflow_minitemple,
          doesnt_xom_only_xom, uniq_grinder, uniq_natasha, uniq_jessica
D:4:      layout_cave_pools, lemuel_round_altar, makhleb_altar_promises_db,
          gammafunk_ghost_cemetery, serial_shops, nicolae_shop_stone,
          chequers_serial_rivers_marsh
D:5:      layout_rooms, minivault_19, trog_butcher_becter
D:6:      layout_gridville, minmay_temple_entry_wispy, minmay_microvault
D:7:      kennysheep_six_static_rooms, layout_loops_cross,
          grunt_temple_overflow_open, nicolae_gozag_zags_fifth_avenue

Skill      XL: |  1  2  3  4  5  6  7  8  9 |
---------------+----------------------------+-----
Long Blades    | 2 |  2.5
Armour         | 2 3 4 5 |  5.3
Invocations    | 3 5 6 8 10 | 10.0
Fighting       | 4 5 6 |  6.3
Conjurations   | 3 6 |  6.1
Dodging        | |  0.8

Action                   |  1- 3 |  4- 6 |  7- 9 || total
-------------------------+-------+-------+-------++-------
Melee: Falchion          |    11 |       |       ||    11
       Short sword       |    65 |   113 |   296 ||   474
 Cast: Magic Dart        |       |       |    29 ||    29
Invok: Depart the Abyss  |     1 |       |       ||     1
       Bend Space        |       |       |     3 ||     3
  Use: Potion            |       |       |     6 ||     6
 Stab: Sleeping          |     1 |       |       ||     1
Armor: Leather armour    |     2 |       |       ||     2
       Ring mail         |    33 |    50 |   110 ||   193
Dodge: Dodged            |    43 |    55 |   161 ||   259
       Rpst.: Falchion   |     2 |       |       ||     2

Table legend: (Time is in decaauts)
 A = Elapsed time spent in this place.
 B = Non-inter-level travel time spent in this place.
 C = Inter-level travel time spent in this place.
 D = Time resting spent in this place.
 E = Time spent auto-exploring this place.
 F = Levels seen in this place.
 G = Mean time per level.
                   A        B        C        D        E       F      G
               +--------+--------+--------+--------+--------+-----+--------+
         Total |   8238 |   8032 |    206 |     35 |   6911 |   8 | 1029.8 |
       Dungeon |   8183 |   7977 |    206 |     35 |   6858 |   7 | 1169.0 |
         Abyss |     55 |     55 |      0 |      0 |     53 |   1 |   55.0 |
               +--------+--------+--------+--------+--------+-----+--------+

Top non-repeatable levels by time:
     D:6: 2437 daAuts
     D:2: 1457 daAuts
     D:5: 1409 daAuts
     D:3: 1246 daAuts
     D:4: 871 daAuts
     D:1: 437 daAuts
     D:7: 323 daAuts
 Abyss:1: 55 daAuts
